 Dungeon Crawl Stone Soup version 0.19-a0-1626-g5215c36 (webtiles) character file.

964 Alarkh the Grave Robber (level 7, -1/46 HPs)
             Began as a Mummy Necromancer on Sept 18, 2016.
             Was a Follower of Okawaru.
             Slain by a gnoll
             ... wielding a +0 club
              (9 damage)
             ... on level 3 of the Dungeon.
             The game lasted 00:09:12 (5121 turns).

Alarkh the Grave Robber (Mummy Necromancer)         Turns: 5121, Time: 00:09:13

Health: -1/46      AC:  2    Str: 11    XL:     7   Next: 93%
Magic:  6/16       EV: 12    Int: 16    God:    Okawaru [*.....]
Gold:   205        SH:  0    Dex: 13    Spells: 4 memorised, 6 levels left

rFire  x . .     SeeInvis .     d - +3 whip
rCold  + . .     Gourm    .     a - +0 robe
rNeg   + + +     Faith    .     (no shield)
rPois  ∞         Spirit   .     (no helmet)
rElec  .         Dismiss  .     (no cloak)
rCorr  .         Reflect  .     (no gloves)
MR     .....     Harm     .     (no boots)
Stlth  +.........               (no amulet)
                                (no ring)
                                h - ring of stealth

@: glowing
A: no food or potions, fire vulnerability, cold resistance 1, negative energy
resistance 3, torment resistance, unbreathing
a: Heroism, Renounce Religion


You were on level 3 of the Dungeon.
You worshipped Okawaru.
Okawaru was aware of your devotion.
You were not hungry.

You visited 2 branches of the dungeon, and saw 6 of its levels.

You collected 205 gold pieces.

Inventory:

Hand Weapons
 d - a +3 whip (weapon)
Missiles
 i - 2 throwing nets (quivered)
Armour
 a - a +0 robe (worn)
Jewellery
 h - a ring of stealth (left hand)
Scrolls
 c - 2 scrolls of remove curse
 e - 3 scrolls of identify
 g - a scroll of magic mapping
 j - a scroll of fog
 k - a scroll of enchant weapon {unknown}
 l - 2 scrolls of enchant armour {unknown}
 m - a scroll of immolation {unknown}
 n - a scroll of blinking {unknown}
Books
 b - a book of Necromancy

   Spells                             Type                      Level
   a - Pain                           Necromancy                   1
   b - Animate Skeleton               Necromancy                   1
   c - Vampiric Draining              Necromancy                   3
   d - Regeneration                   Charms/Necromancy            3
   e - Animate Dead                   Necromancy                   4
   f - Control Undead                 Necromancy                   4
 o - a Fen Folio

   Spells                             Type                      Level
   a - Corpse Rot                     Necromancy                   2
   b - Stone Arrow                    Conjuration/Earth            3
   c - Leda's Liquefaction            Hexes/Earth                  4
   d - Summon Forest                  Summoning/Translocation      5
   e - Hydra Form                     Transmutation                6
   f - Summon Hydra                   Summoning                    7


   Skills:
 - Level 1.5 Dodging
 - Level 1.5 Stealth
 + Level 6.2 Spellcasting
 + Level 7.6 Necromancy


You had 6 spell levels left.
You knew the following spells:

 Your Spells              Type           Power        Failure   Level  Hunger
a - Pain                  Necr           ####         1%          1    N/A
b - Vampiric Draining     Necr           ####......   1%          3    N/A
c - Control Undead        Necr           ####......   8%          4    N/A
d - Animate Dead          Necr           N/A          8%          4    N/A

Dungeon Overview and Level Annotations

Branches:
Dungeon (5/15)             Temple (1/1) D:4

Altars:
Cheibriados
Dithmenos
Elyvilon
Fedhas
Gozag
Hepliaklqana
Kikubaaqudgha
Makhleb
Okawaru
Qazlal
Sif Muna
Trog
Vehumet
Xom
Yredelemnul
Zin

Annotations:
D:3 1 exclusion


Innate Abilities, Weirdness & Mutations

You do not eat or drink.
Your flesh is vulnerable to fire.
You are immune to poison.
Your flesh is cold resistant. (rC+)
You are immune to negative energy. (rN+++)
You are immune to unholy pain and torment.
You can survive without breathing.


Message History

The gnoll shouts!
You hear a shout!
A gnoll comes into view. It is wielding a club.
The gnoll throws a throwing net.
The throwing net hits you.
You become entangled in the net!
You see here a throwing net.
You struggle against the net.
A gnoll comes into view. It is wielding a spear.
You tear a large gash into the net.
The gnoll shaman hits you with a club.
You struggle against the net.
The gnoll barely misses you. The gnoll shaman barely misses you.
The gnoll shaman hits you with a mace! The gnoll barely misses you.
Okay, then.
You shred the net and break free!
The gnoll hits you from afar with a spear.
The gnoll closely misses you.
The gnoll shaman calls down the wrath of its god upon you.
You are outlined in light.
The gnoll shaman hits you with a mace!
* * * LOW HITPOINT WARNING * * *
The gnoll hits you with a club!
You die...

#..#.#.......##
##.#.#.....[..#
###...########.## ......#
#..# .....># ##.# ....#.#
#.## ....#.# #..# ......#
##.##
################@.########
...........)..†÷gg........
≈≈≈≈≈≈≈≈≈≈≈≈≈≈≈.gg.g≈≈≈≈≈≈
≈≈≈≈≈≈≈≈≈≈≈≈≈≈≈....≈≈≈≈≈≈≈
###≈≈≈≈≈≈≈≈≈≈≈≈...g≈≈≈≈≈≈≈
g.#.................).....
..#############''''#######
#+# #(......#....# #
#.......#....#


You could see 2 gnoll shamans and 4 gnolls.

Vanquished Creatures
  Grinder (D:4)
  Eustachio (D:4)
  An ice beast (D:5)
  2 scorpions (D:5)
  A howler monkey (D:5)
  A crimson imp (D:5)
  A bullfrog skeleton (D:5)
  2 orc priests
  A gnoll shaman (D:3)
  A worker ant (D:5)
  A hound skeleton (D:4)
  8 gnolls (D:3)
  7 adders
  An ooze (D:2)
  2 worms
  3 dart slugs
  3 leopard geckos
  15 orcs
  5 giant cockroaches
  3 goblins
  5 hobgoblins
  4 jackals (D:3)
  4 kobolds
  2 quokkas (D:3)
  A ball python (D:5)
  A ball python skeleton (D:5)
  6 bats
  3 frilled lizards
  8 rats
94 creatures vanquished.

Vanquished Creatures (others)
  A ball python (D:3)
1 creature vanquished.

Grand Total: 95 creatures vanquished

Notes
Turn   | Place    | Note
-------+----------+-------------------------------------------
     0 | D:1      | Alarkh the Mummy Necromancer began the quest for the Orb.
     0 | D:1      | Reached XP level 1. HP: 13/13 MP: 3/3
   228 | D:1      | Reached XP level 2. HP: 19/19 MP: 3/5
   731 | D:2      | Reached XP level 3. HP: 24/24 MP: 1/7
  1098 | D:2      | Found a stormy altar of Qazlal.
  1552 | D:3      | Reached XP level 4. HP: 30/30 MP: 5/8
  1651 | D:4      | Noticed Grinder
  1656 | D:3      | Reached skill level 5 in Necromancy
  1944 | D:3      | Found a glowing silver altar of Zin.
  2159 | D:4      | Found a staircase to the Ecumenical Temple.
  2173 | Temple   | Entered the Ecumenical Temple
  2423 | D:4      | Noticed Eustachio
  2442 | D:5      | Entered Level 5 of the Dungeon
  2475 | D:5      | Noticed an ice beast
  2483 | D:5      | Killed an ice beast
  2483 | D:5      | Reached XP level 5. HP: 35/35 MP: 3/11
  2671 | D:5      | Reached skill level 6 in Necromancy
  2671 | D:5      | Reached XP level 6. HP: 8/41 MP: 4/12
  2676 | D:5      | Learned a level 3 spell: Vampiric Draining
  2681 | D:5      | Learned a level 4 spell: Control Undead
  2998 | D:5      | Found a bloodstained altar of Trog.
  3006 | D:5      | Found an iron altar of Okawaru.
  3006 | D:5      | Found a hazy altar of Hepliaklqana.
  3007 | D:5      | Found a shimmering altar of Xom.
  3013 | D:5      | Became a worshipper of Warmaster Okawaru
  3679 | D:4      | Reached skill level 5 in Spellcasting
  3819 | D:4      | Paralysed by Grinder for 6 turns
  3850 | D:5      | Learned a level 4 spell: Animate Dead
  3865 | D:4      | Paralysed by Grinder for 5 turns
  3885 | D:4      | Killed Grinder
  3885 | D:4      | Reached * piety under Okawaru
  3885 | D:4      | Reached XP level 7. HP: 12/46 MP: 5/15
  4040 | D:4      | Reached skill level 7 in Necromancy
  4632 | D:4      | Killed Eustachio
  5121 | D:3      | Slain by a gnoll

Vault maps used:
D:1:      minmay_arrival_glassed_features, roderic_serpentine_path
D:2:      lemuel_coloured_pillars_altar
D:3:      lemuel_castle_with_subvaults, zin_treasury, first_bread,
          lemuel_another_geyser
D:4:      uniq_grinder, uniq_eustachio
D:5:      gammafunk_temple_overflow_claw, overflow_temple_1_default
Temple:   jpeg_temple_alley_garden

Skill      XL: |  1  2  3  4  5  6  7 |
---------------+----------------------+-----
Spellcasting   | 3 4 5 6 |  6.2
Necromancy     | 5 6 7 |  7.6
Dodging        | |  1.5
Stealth        | |  1.5

Action                   |  1- 3 |  4- 6 |  7- 9 || total
-------------------------+-------+-------+-------++-------
Melee: Unarmed           |     5 |       |       ||     5
       Whip              |    44 |    80 |    11 ||   135
 Cast: Pain              |    46 |    68 |    65 ||   179
       Vampiric Draining |       |     5 |     5 ||    10
       Animate Dead      |       |     1 |       ||     1
       Control Undead    |       |     1 |       ||     1
Invok: Heroism           |       |       |     1 ||     1
  Use: Scroll            |     1 |     3 |     1 ||     5
 Stab: Sleeping          |     4 |     1 |       ||     5
       Distracted        |       |     1 |       ||     1
Armor: Robe              |    15 |    17 |    17 ||    49
Dodge: Dodged            |    41 |    86 |    53 ||   180
